 Dungeon Crawl Stone Soup version 0.15.0-11-g6f4f891 (webtiles) character file.

427 EvilAshe the Ruinous (level 6, 0/32 HPs)
             Began as a Tengu Fire Elementalist on Aug 31, 2014.
             Killed from afar by an orc wizard (8 damage)
             ... with a puff of flame
             ... on Level 4 of the Dungeon.
             The game lasted 00:17:50 (4869 turns).

EvilAshe the Ruinous (Tengu Fire Elementalist)      Turns: 4869, Time: 00:17:52

HP   0/32        AC  2     Str  8      XL: 6   Next: 97%
MP   3/12        EV 12     Int 18      God:
Gold 130         SH  0     Dex 14      Spells:  3 memorised,  1 level left

rFire  . . .     SeeInvis .     p - +0 mace
rCold  . . .     Clarity  .     a - +0 robe
rNeg   . . .     rCorr    .     (no shield)
rPois  .         rRot     .     (helmet restricted)
rElec  .         Spirit   .     (no cloak)
SustAb .         Warding  .     (no gloves)
rMut   .         Stasis   .     (boots unavailable)
Gourm  .                        (no amulet)
MR     .....                    (no ring)
                                (no ring)

@: not resistant to hostile enchantments, unstealthy
A: able to fly, beak, talons 3
a: Fly


You were on level 4 of the Dungeon.
You were hungry.

You visited 1 branch of the dungeon, and saw 4 of its levels.

You collected 130 gold pieces.

Inventory:

Hand weapons
 p - a +0 mace (weapon)
Armour
 a - a +0 robe (worn)
Comestibles
 c - a bread ration
 j - 2 rotting chunks of orc flesh
 q - 4 rotting chunks of hippogriff flesh
Scrolls
 d - 2 scrolls of enchant armour {unknown}
 e - a scroll of remove curse {unknown}
 i - a scroll of fear {unknown}
 k - a scroll of blinking {unknown}
 l - a scroll of identify {unknown}
 m - 3 scrolls of teleportation {unknown}
 o - a scroll of recharging {unknown}
Jewellery
 h - an uncursed ring of protection from fire {unknown}
 n - a cursed ring of teleportation {unknown}
 r - an uncursed ring of flight {unknown}
Potions
 g - 6 potions of curing {unknown}
Books
 b - a book of Flames

   Spells                             Type                      Level
   *Flame Tongue                      Conjuration/Fire             1
   Throw Flame                        Conjuration/Fire             2
   *Conjure Flame                     Conjuration/Fire             3
   Inner Flame                        Hexes/Fire                   3
   *Sticky Flame                      Conjuration/Fire             4
   Fireball                           Conjuration/Fire             5


   Skills:
 - Level 2.1 Dodging
 - Level 2.0 Stealth
 - Level 2.0 Spellcasting
 + Level 6.6 Conjurations
 + Level 6.2 Fire Magic


You had one spell level left.
You knew the following spells:

 Your Spells              Type           Power        Failure   Level  Hunger
a - Flame Tongue          Conj/Fire      ###..        1%          1    #......
c - Conjure Flame         Conj/Fire      ###.....     4%          3    ####...
s - Sticky Flame          Conj/Fire      ###.....     17%         4    #####..


Dungeon Overview and Level Annotations

Branches:
Dungeon (4/15)
 Temple: D:4-7

Altars:
Ashenzari
Elyvilon
Kikubaaqudgha

Annotations:
D:3 Vidiiot's ghost, average DEFE


Innate Abilities, Weirdness & Mutations

You can fly.
You have a beak for a mouth.
You have claws for feet.


Message History

Casting: Flame Tongue
Confirm with . or Enter, or press ? or * to list all spells.
Aiming: Flame Tongue
Press: ? - help, Shift-Dir - straight line, f/p - orc
Aim: an orc (almost dead)
The flame tongue hits the orc.
You kill the orc!
Casting: Flame Tongue
Confirm with . or Enter, or press ? or * to list all spells.
Aiming: Sticky Flame
Press: ? - help, Shift-Dir - straight line, f - orc wizard
Aim: an orc wizard, wielding a dagger and wearing a robe The sticky flame hits the orc wizard.
The orc wizard is heavily wounded.
The orc wizard is covered in liquid flames!
You are feeling hungry.
The orc wizard burns!
The orc wizard casts a spell at you. The puff of flame hits you!
You die...

.. .[ .... .. #######.#.
# ...###....?....## #.##
.......... ....##.....
###.#..... #.........
......#..#######.##.....
.........%...%o.o.o.o....
#.......@##..######.....o
#........o##..#####......
......[.<................
.......)).....#####.....
###.##....##### .. #
#...... . #.....###
#.#...# ..#...#


You could see an orc wizard (burning) and 2 orcs.

Vanquished Creatures
  The ghost of CrazyArbalest the Bolt Thrower, an average DsHu (D:4)
  A hippogriff (D:4)
  4 adders (D:2)
  2 worms (D:2)
  A giant gecko (D:3)
  An ooze (D:1)
  8 orcs
  7 bats
  5 giant cockroaches
  3 hobgoblins
  3 jackals (D:2)
  2 quokkas
  A ball python (D:2)
  3 giant newts
  6 goblins
  5 kobolds
  12 rats
65 creatures vanquished.

Notes
Turn   | Place    | Note
--------------------------------------------------------------
     0 | D:1      | EvilAshe, the Tengu Fire Elementalist, began the quest for the Orb.
     0 | D:1      | Reached XP level 1. HP: 10/10 MP: 3/3
   296 | D:1      | Reached XP level 2. HP: 15/15 MP: 1/5
  1556 | D:2      | Reached XP level 3. HP: 19/19 MP: 5/7
  1561 | D:2      | Learned a level 3 spell: Conjure Flame
  1652 | D:2      | Reached skill level 4 in Fire Magic
  2213 | D:2      | Found an ancient bone altar of Kikubaaqudgha.
  2268 | D:2      | Reached XP level 4. HP: 24/24 MP: 2/8
  2646 | D:3      | Noticed Vidiiot's ghost (average DEFE)
  4014 | D:4      | Noticed an ogre
  4320 | D:3      | Found a white marble altar of Elyvilon.
  4377 | D:3      | Found a shattered altar of Ashenzari.
  4486 | D:4      | Noticed CrazyArbalest's ghost (average DsHu)
  4490 | D:4      | Killed CrazyArbalest's ghost
  4490 | D:4      | Reached skill level 5 in Conjurations
  4490 | D:4      | Reached skill level 5 in Fire Magic
  4490 | D:4      | Reached XP level 5. HP: 21/28 MP: 2/11
  4490 | D:4      | Reached XP level 6. HP: 24/32 MP: 2/12
  4575 | D:3      | Learned a level 4 spell: Sticky Flame
  4616 | D:4      | Noticed a hippogriff
  4626 | D:4      | Killed a hippogriff
  4626 | D:4      | Reached skill level 6 in Conjurations
  4869 | D:4      | Killed from afar by an orc wizard

Action                   |  1- 3 |  4- 6 || total
-------------------------+-------+-------++-------
Melee: Unarmed           |    11 |       ||    11
       Mace              |       |     9 ||     9
 Cast: Flame Tongue      |    72 |    74 ||   146
       Conjure Flame     |     2 |     5 ||     7
       Sticky Flame      |       |     1 ||     1
 Stab: Sleeping          |     1 |       ||     1
  Eat: Chunk             |     1 |     9 ||    10
       Meat ration       |     1 |       ||     1
